Blackdemons vs Demolitions
Created - 16 novembre 2012 at 20:30
Goals
|
| Blackdemons |
1 |
3 |
1 |
1 |
6 |
| Demolitions |
0 |
2 |
3 |
0 |
5 |
|
Shots
|
| Blackdemons |
10 |
11 |
10 |
2 |
33 |
| Demolitions |
7 |
16 |
16 |
0 |
39 |
|
1st period
1. Blackdemons , James Neal 2 (Enver Lisin, Michael Peca) at 12:04
Penalties :
Vince Rocco (Vic) for Interference (Minor) at 13:11
2nd period
2. Demolitions , Adam Burish 3 (Brad Richardson) at 0:46
3. Blackdemons , Matt Moulson 2 (Jakub Kindl, Stanislav Chistov) at 2:14
4. Demolitions , Brandon Bochenski 2 (Robert Klinkhammer, Ryan Craig) at 4:59
5. Blackdemons , James Neal 3 (Trevor Letowski, Peter Harrold) at 6:27
6. Blackdemons , Enver Lisin 3 (Michael Peca) at 15:14
Penalties :
Dennis Seidenberg (Vic) for Tripping (Minor) at 10:43, Matt Moulson (MJM) for Roughing (Minor) at 17:16
3rd period
7. Demolitions , Anthony Stewart 1 (Masi Marjamaki, Janne Niskala) at 2:33
8. Demolitions , Jeremy Williams 1 (Ryan Craig, Petr Vrana) at 10:54
9. Blackdemons , Michael Peca 1 (James Neal, Nikita Nikitin) at 14:52
10. Demolitions , Brad Richardson 1 (Adam Burish) at 15:00
Penalties :
Vladimir Mihalik (Vic) for Cross-checking (Minor) at 7:26
Overtime #1
11. Blackdemons , Tomas Kopecky 1 (Curtis Brown) at 0:27
Penalties :
No Penalty
Goalie Stats
Michal Neuvirth (MJM), 34 saves from 39 shots - (0,872), W, 2-0-0, 60:27 minutes
Antero Niittymaki (Vic), 27 saves from 33 shots - (0,818), OTL, 1-0-1, 60:27 minutes
Players Stats for Blackdemons
Player Name G A P +/- PIM S H SB GA TA FO MP PP MP PK MP
------------------------------------------------------------------------------------
Curtis Brown 0 1 1 0 0 1 4 1 0 0 8/14 14:15 0:00 1:20
Enver Lisin 1 1 2 2 0 5 2 1 0 0 0/1 20:32 3:01 0:00
Frazer Mclaren 0 0 0 -1 0 0 2 0 0 0 0/0 9:06 0:13 0:00
Jakub Kindl 0 1 1 0 0 1 0 0 1 1 0/0 21:45 2:44 0:52
James Neal 2 1 3 2 0 4 1 0 1 0 0/2 20:48 3:01 0:16
Karl Alzner 0 0 0 -1 0 1 2 0 0 1 0/0 22:09 0:00 1:07
Mathieu Biron 0 0 0 0 0 0 1 3 1 0 0/0 21:05 3:13 0:52
Matt Moulson 1 0 1 0 2 4 1 0 1 0 1/1 16:32 2:43 0:00
Maxime Macenauer 0 0 0 -1 0 0 1 0 0 0 0/4 11:10 2:43 0:00
Michael Peca 1 2 3 2 0 5 0 1 2 0 9/19 17:54 0:00 0:23
Nathan Paetsch 0 0 0 -1 0 3 0 2 0 1 0/0 21:51 0:00 1:07
Nikita Nikitin 0 1 1 2 0 0 0 0 0 0 0/0 16:51 3:13 0:00
Peter Harrold 0 1 1 2 0 0 0 1 0 1 0/0 17:13 2:44 0:00
Sam Gagner 0 0 0 0 0 2 1 0 0 0 7/20 16:53 3:01 0:16
Stanislav Chistov 0 1 1 0 0 1 0 0 0 0 1/1 14:19 0:13 0:23
Todd Fedoruk 0 0 0 -1 0 4 2 0 0 0 1/1 14:17 2:43 0:00
Tomas Kopecky 1 0 1 0 0 1 1 1 0 0 1/1 14:27 0:00 1:20
Trevor Letowski 0 1 1 -1 0 1 1 0 0 0 0/0 8:41 0:13 0:00
Players Stats for Demolitions
Player Name G A P +/- PIM S H SB GA TA FO MP PP MP PK MP
------------------------------------------------------------------------------------
Adam Burish 1 1 2 -1 0 4 0 0 1 0 3/10 21:12 0:59 2:58
Andy Rogers 0 0 0 -2 0 1 0 0 0 0 0/0 20:29 0:42 2:35
Anssi Salmela 0 0 0 0 0 1 0 0 0 0 0/0 4:19 0:00 0:44
Anthony Stewart 1 0 1 1 0 2 0 0 1 0 0/0 13:32 0:00 1:24
Anton Babchuk 0 0 0 0 0 2 0 0 0 1 0/0 11:22 0:00 0:00
Brad Richardson 1 1 2 0 0 5 1 1 0 1 18/29 20:17 0:59 1:46
Brandon Bochenski 1 0 1 -1 0 3 3 0 1 0 1/1 9:02 0:00 0:00
Dennis Seidenberg 0 0 0 1 2 1 2 1 0 0 0/0 23:28 1:17 1:50
James Sheppard 0 0 0 1 0 1 2 0 0 0 3/4 13:45 0:00 1:39
Janne Niskala 0 1 1 1 0 5 1 1 0 1 0/0 28:15 1:17 3:05
Jeremy Williams 1 0 1 -1 0 3 3 1 0 1 1/2 18:20 1:00 2:56
Marco Sturm 0 0 0 0 0 1 0 0 0 0 1/1 18:58 0:59 1:11
Masi Marjamaki 0 1 1 1 0 2 1 0 0 0 0/0 12:04 0:00 0:00
Petr Vrana 0 1 1 0 0 1 1 0 0 0 0/0 14:46 1:00 0:00
Robert Klinkhammer 0 1 1 -1 0 0 0 0 0 0 0/0 8:31 0:00 0:00
Ryan Craig 0 2 2 0 0 5 1 0 1 1 8/12 14:46 1:00 0:00
Taylor Chorney 0 0 0 -2 0 1 0 3 0 1 0/0 20:29 0:42 2:35
Vince Rocco 0 0 0 -1 2 1 0 0 0 0 1/5 8:59 0:00 0:00
Vladimir Mihalik 0 0 0 0 2 0 2 0 0 0 0/0 13:14 0:00 1:05
3 Stars
1 - James Neal (MJM)
2 - Michael Peca (MJM)
3 - Enver Lisin (MJM)
Power Play
Blackdemons - 0 on 3 Attempt(s) - 0,00%
Demolitions - 0 on 1 Attempt(s) - 0,00%
Penalty Kill
Blackdemons - 1 on 1 Attempt(s) - 100,00%
- Score 0 goal in Penalty Kill
Demolitions - 3 on 3 Attempt(s) - 100,00%
- Score 0 goal in Penalty Kill
Official
Referees : Pochmara Brian and Walsh Ian
Linesman : Tony Sericolo and Lonnie Cameron
Game Notes
No Game Note
Blackdemons
5 vs 5 Forward
Center Left Wing Right Wing Time % Phy DF OF
1 Michael Peca James Neal Enver Lisin 35 1 2 2
2 Sam Gagner Matt Moulson Stanislav Chistov 30 1 2 2
3 Curtis Brown Todd Fedoruk Tomas Kopecky 25 1 2 2
4 Maxime Macenauer Frazer Mclaren Trevor Letowski 10 1 2 2
5 vs 5 Defense
Defense Defense Time % Phy DF OF
1 Nathan Paetsch Karl Alzner 40 0 4 1
2 Mathieu Biron Jakub Kindl 35 1 3 1
3 Peter Harrold Nikita Nikitin 25 0 4 1
4 Peter Harrold Nikita Nikitin 0 1 2 2
PowerPlay Forward
Center Left Wing Right Wing Time % Phy DF OF
1 Sam Gagner James Neal Enver Lisin 60 0 2 3
2 Maxime Macenauer Todd Fedoruk Matt Moulson 40 0 2 3
PowerPlay Defense
Defense Defense Time % Phy DF OF
1 Mathieu Biron Nikita Nikitin 60 0 2 3
2 Peter Harrold Jakub Kindl 40 1 2 2
Penalty Kill 4 Players Forward
Center Wing Time % Phy DF OF
1 Curtis Brown Tomas Kopecky 60 1 4 0
2 Michael Peca Stanislav Chistov 40 0 4 1
Penalty Kill 4 Players Defense
Defense Defense Time % Phy DF OF
1 Nathan Paetsch Karl Alzner 60 0 5 0
2 Mathieu Biron Jakub Kindl 40 1 4 0
Penalty Kill - 3 Players Forward
Forward Time % Phy DF OF
1 Curtis Brown 60 0 5 0
2 Michael Peca 40 0 5 0
Penalty Kill - 3 Players Defense
Defense Defense Time % Phy DF OF
1 Nathan Paetsch Karl Alzner 60 0 5 0
2 Mathieu Biron Jakub Kindl 40 0 5 0
4 vs 4 Forward
Center Wing Time % Phy DF OF
1 Curtis Brown Tomas Kopecky 60 1 2 2
2 Michael Peca Stanislav Chistov 40 0 3 2
4 vs 4 Defense
Defense Defense Time % Phy DF OF
1 Nathan Paetsch Karl Alzner 60 1 3 1
2 Mathieu Biron Jakub Kindl 40 1 3 1
Last Minutes Offensive
Center Left Wing Right Wing Defense Defense
Curtis Brown James Neal Enver Lisin Matt Moulson Mathieu Biron
Last Minutes Defensive
Center Left Wing Right Wing Defense Defense
Michael Peca Matt Moulson Stanislav Chistov Nathan Paetsch Mathieu Biron
Goaltenders
Starting : Michal Neuvirth
Backup : Jason LaBarbera
Extra Forwards
Normal : James Neal, Curtis Brown, Tomas Kopecky - PP : Trevor Letowski, Frazer Mclaren - PK : Matt Moulson
Extra Defensemen
Normal : Peter Harrold, Nikita Nikitin, Nathan Paetsch - PP : Nathan Paetsch - PK : Peter Harrold, Nikita Nikitin
Penalty Shots
Stanislav Chistov, Matt Moulson, Enver Lisin, Michael Peca, James Neal
Demolitions
5 vs 5 Forward
Center Left Wing Right Wing Time % Phy DF OF
1 Brad Richardson Marco Sturm Adam Burish 40 1 2 2
2 Ryan Craig Petr Vrana Jeremy Williams 30 1 2 2
3 James Sheppard Masi Marjamaki Anthony Stewart 20 1 2 2
4 Vince Rocco Robert Klinkhammer Brandon Bochenski 10 1 2 2
5 vs 5 Defense
Defense Defense Time % Phy DF OF
1 Janne Niskala Dennis Seidenberg 40 1 2 2
2 Andy Rogers Taylor Chorney 30 1 2 2
3 Anton Babchuk Vladimir Mihalik 20 1 2 2
4 Anssi Salmela Janne Niskala 10 1 2 2
PowerPlay Forward
Center Left Wing Right Wing Time % Phy DF OF
1 Brad Richardson Marco Sturm Adam Burish 60 1 2 2
2 Ryan Craig Petr Vrana Jeremy Williams 40 1 2 2
PowerPlay Defense
Defense Defense Time % Phy DF OF
1 Janne Niskala Dennis Seidenberg 60 1 2 2
2 Andy Rogers Taylor Chorney 40 1 2 2
Penalty Kill 4 Players Forward
Center Wing Time % Phy DF OF
1 Adam Burish Jeremy Williams 60 1 2 2
2 Brad Richardson Anthony Stewart 40 1 2 2
Penalty Kill 4 Players Defense
Defense Defense Time % Phy DF OF
1 Janne Niskala Dennis Seidenberg 60 1 2 2
2 Andy Rogers Taylor Chorney 40 1 2 2
Penalty Kill - 3 Players Forward
Forward Time % Phy DF OF
1 Adam Burish 60 1 2 2
2 Jeremy Williams 40 1 2 2
Penalty Kill - 3 Players Defense
Defense Defense Time % Phy DF OF
1 Janne Niskala Dennis Seidenberg 60 1 2 2
2 Andy Rogers Taylor Chorney 40 1 2 2
4 vs 4 Forward
Center Wing Time % Phy DF OF
1 Adam Burish Jeremy Williams 60 1 2 2
2 Brad Richardson Anthony Stewart 40 1 2 2
4 vs 4 Defense
Defense Defense Time % Phy DF OF
1 Janne Niskala Dennis Seidenberg 60 1 2 2
2 Andy Rogers Taylor Chorney 40 1 2 2
Last Minutes Offensive
Center Left Wing Right Wing Defense Defense
Brad Richardson Marco Sturm Adam Burish Janne Niskala Dennis Seidenberg
Last Minutes Defensive
Center Left Wing Right Wing Defense Defense
Brad Richardson Marco Sturm Adam Burish Janne Niskala Dennis Seidenberg
Goaltenders
Starting : Antero Niittymaki
Backup : Sergei Bobrovsky
Extra Forwards
Normal : Brandon Bochenski, Masi Marjamaki, James Sheppard - PP : Brandon Bochenski, Masi Marjamaki - PK : James Sheppard
Extra Defensemen
Normal : Anton Babchuk, Vladimir Mihalik, Anssi Salmela - PP : Anton Babchuk - PK : Vladimir Mihalik, Anssi Salmela
Penalty Shots
Adam Burish, Jeremy Williams, Brad Richardson, Anthony Stewart, Marco Sturm
% Time on Ice - Blackdemons
Lines # - Real PCT - Wanted PCT - Time Play
Normal Forward
1 - 35% - 35% - 18:03
2 - 26% - 30% - 13:25
3 - 23% - 25% - 12:10
4 - 16% - 10% - 8:26
Normal Defense
1 - 40% - 40% - 20:49
2 - 35% - 35% - 18:09
3 - 23% - 25% - 12:14
4 - 2% - 0% - 0:52
PP Forward
1 - 54% - 60% - 3:14
2 - 46% - 40% - 2:43
PP Defense
1 - 54% - 60% - 3:13
2 - 46% - 40% - 2:44
PK Forward
1 - 81% - 60% - 1:36
2 - 19% - 40% - 0:23
PK Defense
1 - 56% - 60% - 1:07
2 - 44% - 40% - 0:52
PK3 Forward
1 - 0% - 60%
2 - 0% - 40%
PK3 Defense
1 - 0% - 60%
2 - 0% - 40%
44 Forward
1 - 100% - 60% - 0:27
2 - 0% - 40% - 0:00
44 Defense
1 - 100% - 60% - 0:27
2 - 0% - 40% - 0:00
Last Minute Offensive - 0:00
Last Minute Defensive - 0:00
Total
Forward - 60:27
Defense - 60:27
|
% Time on Ice - Demolitions
Lines # - Real PCT - Wanted PCT - Time Play
Normal Forward
1 - 34% - 40% - 17:39
2 - 28% - 30% - 14:30
3 - 22% - 20% - 11:24
4 - 16% - 10% - 8:31
Normal Defense
1 - 39% - 40% - 20:05
2 - 33% - 30% - 17:12
3 - 22% - 20% - 11:22
4 - 7% - 10% - 3:25
PP Forward
1 - 50% - 60% - 0:59
2 - 50% - 40% - 1:00
PP Defense
1 - 65% - 60% - 1:17
2 - 35% - 40% - 0:42
PK Forward
1 - 76% - 60% - 4:33
2 - 24% - 40% - 1:24
PK Defense
1 - 57% - 60% - 3:22
2 - 43% - 40% - 2:35
PK3 Forward
1 - 0% - 60%
2 - 0% - 40%
PK3 Defense
1 - 0% - 60%
2 - 0% - 40%
44 Forward
1 - 100% - 60% - 0:27
2 - 0% - 40% - 0:00
44 Defense
1 - 100% - 60% - 0:27
2 - 0% - 40% - 0:00
Last Minute Offensive - 0:00
Last Minute Defensive - 0:00
Total
Forward - 60:27
Defense - 60:27
|
Play by Play
1st period
0:01 of 1st period - Michael Peca wins face-off versus Brad Richardson in neutral zone.
0:04 of 1st period - Slapshot by Enver Lisin.
0:04 of 1st period - Shot Blocked by Janne Niskala.
0:06 of 1st period - Slapshot by Nathan Paetsch.
0:06 of 1st period - Deflect By James Neal.
0:06 of 1st period - Shot Misses the Net.
0:06 of 1st period - Puck is out of play.
0:07 of 1st period - Michael Peca wins face-off versus Adam Burish in Demolitions zone.
0:30 of 1st period - Snap shot by Enver Lisin.
0:30 of 1st period - Shot Blocked by Brad Richardson.
1:20 of 1st period - Snap shot by Michael Peca.
1:20 of 1st period - Stopped by Antero Niittymaki with a rebound.
1:22 of 1st period - Slapshot by Karl Alzner.
1:22 of 1st period - Stopped by Antero Niittymaki with a rebound.
1:34 of 1st period - Snap shot by James Neal.
1:34 of 1st period - Shot Misses the Net.
1:36 of 1st period - Slapshot by Nathan Paetsch.
1:36 of 1st period - Stopped by Antero Niittymaki without a rebound.
1:37 of 1st period - Ryan Craig wins face-off versus Sam Gagner in Demolitions zone.
1:48 of 1st period - Snap shot by Petr Vrana.
1:48 of 1st period - Deflect By Ryan Craig.
1:48 of 1st period - Stopped by Michal Neuvirth with a rebound.
2:02 of 1st period - Mathieu Biron is hit by James Sheppard and loses puck.
2:11 of 1st period - Snap shot by Tomas Kopecky.
2:11 of 1st period - Shot Blocked by Taylor Chorney.
2:21 of 1st period - Snap shot by Anthony Stewart.
2:21 of 1st period - Shot Misses the Net.
2:23 of 1st period - Wrist shot by Taylor Chorney.
2:23 of 1st period - Stopped by Michal Neuvirth with a rebound.
2:25 of 1st period - Slapshot by Andy Rogers.
2:25 of 1st period - Stopped by Michal Neuvirth with a rebound.
2:44 of 1st period - Off-side.
2:45 of 1st period - Sam Gagner wins face-off versus Ryan Craig in neutral zone.
2:58 of 1st period - Wrist shot by Matt Moulson.
2:58 of 1st period - Shot Misses the Net.
3:34 of 1st period - Slapshot by Jakub Kindl.
3:34 of 1st period - Deflect By Trevor Letowski.
3:34 of 1st period - Shot Misses the Net.
3:34 of 1st period - Puck is out of play.
3:35 of 1st period - James Sheppard wins face-off versus Maxime Macenauer in Demolitions zone.
3:42 of 1st period - Snap shot by Trevor Letowski.
3:42 of 1st period - Stopped by Antero Niittymaki without a rebound.
3:43 of 1st period - Matt Moulson wins face-off versus James Sheppard in Demolitions zone.
3:48 of 1st period - Slapshot by Matt Moulson.
3:48 of 1st period - Stopped by Antero Niittymaki with a rebound.
3:50 of 1st period - Wrist shot by Matt Moulson.
3:50 of 1st period - Stopped by Antero Niittymaki with a rebound.
3:52 of 1st period - Slapshot by Mathieu Biron.
3:52 of 1st period - Shot Misses the Net.
3:54 of 1st period - Snap shot by Jakub Kindl.
3:54 of 1st period - Stopped by Antero Niittymaki with a rebound.
3:56 of 1st period - Slapshot by Jakub Kindl.
3:56 of 1st period - Deflect By Stanislav Chistov.
3:56 of 1st period - Shot Misses the Net.
3:56 of 1st period - Puck is out of play.
3:57 of 1st period - Todd Fedoruk wins face-off versus Vince Rocco in Demolitions zone.
4:35 of 1st period - Snap shot by James Sheppard.
4:35 of 1st period - Stopped by Michal Neuvirth with a rebound.
5:26 of 1st period - Janne Niskala is hit by Curtis Brown and loses puck.
5:33 of 1st period - Snap shot by Todd Fedoruk.
5:33 of 1st period - Shot Misses the Net.
6:42 of 1st period - Off-side.
6:43 of 1st period - Curtis Brown wins face-off versus Vince Rocco in neutral zone.
7:43 of 1st period - Dennis Seidenberg is hit by Sam Gagner and loses puck.
7:56 of 1st period - Stanislav Chistov is hit by Ryan Craig.
8:28 of 1st period - Wrist shot by Matt Moulson.
8:28 of 1st period - Deflect By Stanislav Chistov.
8:28 of 1st period - Shot Misses the Net.
8:28 of 1st period - Puck is out of play.
8:29 of 1st period - Ryan Craig wins face-off versus Michael Peca in Demolitions zone.
8:54 of 1st period - James Sheppard is hit by Curtis Brown and loses puck.
9:21 of 1st period - Taylor Chorney is hit by Trevor Letowski and loses puck.
9:51 of 1st period - Icing by Vladimir Mihalik.
9:52 of 1st period - Brandon Bochenski wins face-off versus Curtis Brown in Demolitions zone.
10:51 of 1st period - Nathan Paetsch is hit by Masi Marjamaki and loses puck.
11:18 of 1st period - Nathan Paetsch is hit by Janne Niskala and loses puck.
11:23 of 1st period - Wrist shot by Anthony Stewart.
11:23 of 1st period - Stopped by Michal Neuvirth with a rebound.
11:48 of 1st period - Slapshot by Nathan Paetsch.
11:48 of 1st period - Stopped by Antero Niittymaki without a rebound.
11:49 of 1st period - Brad Richardson wins face-off versus Michael Peca in Demolitions zone.
12:00 of 1st period - Snap shot by Michael Peca.
12:00 of 1st period - Shot Blocked by Taylor Chorney.
12:02 of 1st period - Snap shot by Enver Lisin.
12:02 of 1st period - Stopped by Antero Niittymaki with a rebound.
12:04 of 1st period - Wrist shot by James Neal.
12:04 of 1st period - Goal by James Neal - Blackdemons : 1 - Demolitions : 0.
12:05 of 1st period - Brad Richardson wins face-off versus Enver Lisin in neutral zone.
12:08 of 1st period - Snap shot by Adam Burish.
12:08 of 1st period - Shot Misses the Net.
12:10 of 1st period - Slapshot by Taylor Chorney.
12:10 of 1st period - Shot Blocked by Michael Peca.
12:20 of 1st period - Wrist shot by Brad Richardson.
12:20 of 1st period - Stopped by Michal Neuvirth with a rebound.
12:30 of 1st period - Andy Rogers is hit by Curtis Brown and loses puck.
12:53 of 1st period - Slapshot by Brandon Bochenski.
12:53 of 1st period - Stopped by Michal Neuvirth without a rebound.
12:54 of 1st period - Sam Gagner wins face-off versus Vince Rocco in Blackdemons zone.
12:54 of 1st period - Sam Gagner is hit by Brandon Bochenski.
13:10 of 1st period - Backhand shot by Janne Niskala.
13:10 of 1st period - Shot Blocked by Mathieu Biron.
13:11 of 1st period - Minor Penalty to Vince Rocco for Interference.
13:12 of 1st period - Sam Gagner wins face-off versus Adam Burish in Demolitions zone.
13:15 of 1st period - Snap shot by Enver Lisin.
13:15 of 1st period - Shot Misses the Net.
13:47 of 1st period - Wrist shot by Todd Fedoruk.
13:47 of 1st period - Shot Blocked by Jeremy Williams.
15:11 of 1st period - Penalty to Vince Rocco is over, Vince Rocco is back on ice.
15:28 of 1st period - Curtis Brown is hit by Vladimir Mihalik and loses puck.
15:54 of 1st period - Nathan Paetsch is hit by Brandon Bochenski and loses puck.
17:14 of 1st period - Anthony Stewart is hit by Frazer Mclaren and loses puck.
18:01 of 1st period - Nikita Nikitin is hit by Dennis Seidenberg and loses puck.
19:31 of 1st period - Vladimir Mihalik is hit by Matt Moulson and loses puck.
19:57 of 1st period - Dennis Seidenberg is hit by Karl Alzner and loses puck.
2nd period
0:01 of 2nd period - Michael Peca wins face-off versus Brad Richardson in neutral zone.
0:12 of 2nd period - Snap shot by Brad Richardson.
0:12 of 2nd period - Stopped by Michal Neuvirth without a rebound.
0:13 of 2nd period - Michael Peca wins face-off versus Brad Richardson in Blackdemons zone.
0:17 of 2nd period - Off-side.
0:18 of 2nd period - Brad Richardson wins face-off versus Michael Peca in neutral zone.
0:28 of 2nd period - Icing by Enver Lisin.
0:29 of 2nd period - Michael Peca wins face-off versus Ryan Craig in Blackdemons zone.
0:40 of 2nd period - Snap shot by Jeremy Williams.
0:40 of 2nd period - Stopped by Michal Neuvirth without a rebound.
0:41 of 2nd period - Brad Richardson wins face-off versus Michael Peca in Blackdemons zone.
0:46 of 2nd period - Slapshot by Adam Burish.
0:46 of 2nd period - Goal by Adam Burish - Blackdemons : 1 - Demolitions : 1.
0:47 of 2nd period - Michael Peca wins face-off versus Brad Richardson in neutral zone.
0:49 of 2nd period - Off-side.
0:50 of 2nd period - Brad Richardson wins face-off versus Michael Peca in neutral zone.
1:03 of 2nd period - Backhand shot by Adam Burish.
1:03 of 2nd period - Stopped by Michal Neuvirth with a rebound.
1:05 of 2nd period - Slapshot by Dennis Seidenberg.
1:05 of 2nd period - Shot Blocked by Mathieu Biron.
1:17 of 2nd period - Wrist shot by Stanislav Chistov.
1:17 of 2nd period - Deflect By Sam Gagner.
1:17 of 2nd period - Stopped by Antero Niittymaki with a rebound.
1:19 of 2nd period - Backhand shot by Matt Moulson.
1:19 of 2nd period - Deflect By Sam Gagner.
1:19 of 2nd period - Shot Blocked by Dennis Seidenberg.
1:19 of 2nd period - Puck is out of play.
1:20 of 2nd period - Ryan Craig wins face-off versus Sam Gagner in Demolitions zone.
1:30 of 2nd period - Snap shot by Sam Gagner.
1:30 of 2nd period - Stopped by Antero Niittymaki with a rebound.
2:00 of 2nd period - Wrist shot by Matt Moulson.
2:00 of 2nd period - Stopped by Antero Niittymaki with a rebound.
2:02 of 2nd period - Wrist shot by Matt Moulson.
2:02 of 2nd period - Shot Blocked by Taylor Chorney.
2:08 of 2nd period - Slapshot by Stanislav Chistov.
2:08 of 2nd period - Stopped by Antero Niittymaki with a rebound.
2:10 of 2nd period - Slapshot by Jakub Kindl.
2:10 of 2nd period - Shot Misses the Net.
2:14 of 2nd period - Snap shot by Matt Moulson.
2:14 of 2nd period - Goal by Matt Moulson - Blackdemons : 2 - Demolitions : 1.
2:15 of 2nd period - Brad Richardson wins face-off versus James Neal in neutral zone.
2:22 of 2nd period - Wrist shot by Adam Burish.
2:22 of 2nd period - Shot Blocked by Nathan Paetsch.
2:40 of 2nd period - Janne Niskala is hit by Curtis Brown and loses puck.
2:47 of 2nd period - Wrist shot by Masi Marjamaki.
2:47 of 2nd period - Stopped by Michal Neuvirth with a rebound.
2:49 of 2nd period - Slapshot by Vladimir Mihalik.
2:49 of 2nd period - Shot Misses the Net.
3:29 of 2nd period - Wrist shot by Petr Vrana.
3:29 of 2nd period - Shot Blocked by Peter Harrold.
3:31 of 2nd period - Slapshot by Anton Babchuk.
3:31 of 2nd period - Stopped by Michal Neuvirth with a rebound.
3:41 of 2nd period - Adam Burish is hit by James Neal and loses puck.
4:30 of 2nd period - Janne Niskala is hit by Mathieu Biron and loses puck.
4:43 of 2nd period - Slapshot by Jeremy Williams.
4:43 of 2nd period - Stopped by Michal Neuvirth with a rebound.
4:59 of 2nd period - Snap shot by Brandon Bochenski.
4:59 of 2nd period - Goal by Brandon Bochenski - Blackdemons : 2 - Demolitions : 2.
5:00 of 2nd period - Brad Richardson wins face-off versus Michael Peca in neutral zone.
6:13 of 2nd period - Slapshot by Adam Burish.
6:13 of 2nd period - Shot Misses the Net.
6:25 of 2nd period - Snap shot by Trevor Letowski.
6:25 of 2nd period - Deflect By James Neal.
6:25 of 2nd period - Stopped by Antero Niittymaki with a rebound.
6:27 of 2nd period - Backhand shot by James Neal.
6:27 of 2nd period - Goal by James Neal - Blackdemons : 3 - Demolitions : 2.
6:28 of 2nd period - Brad Richardson wins face-off versus Michael Peca in neutral zone.
6:37 of 2nd period - Wrist shot by Marco Sturm.
6:37 of 2nd period - Shot Blocked by Enver Lisin.
6:42 of 2nd period - Off-side.
6:43 of 2nd period - Jeremy Williams wins face-off versus Sam Gagner in neutral zone.
6:54 of 2nd period - Matt Moulson is hit by Jeremy Williams and loses puck.
7:17 of 2nd period - Snap shot by Adam Burish.
7:17 of 2nd period - Stopped by Michal Neuvirth without a rebound.
7:18 of 2nd period - Brad Richardson wins face-off versus Curtis Brown in Blackdemons zone.
8:36 of 2nd period - Frazer Mclaren is hit by Brandon Bochenski and loses puck.
9:02 of 2nd period - Nikita Nikitin is hit by Brad Richardson and loses puck.
10:20 of 2nd period - Slapshot by Janne Niskala.
10:20 of 2nd period - Stopped by Michal Neuvirth without a rebound.
10:21 of 2nd period - Michael Peca wins face-off versus Ryan Craig in Blackdemons zone.
10:21 of 2nd period - Michael Peca is hit by Jeremy Williams.
10:36 of 2nd period - Off-side.
10:37 of 2nd period - Brad Richardson wins face-off versus Sam Gagner in neutral zone.
10:43 of 2nd period - Minor Penalty to Dennis Seidenberg for Tripping.
10:44 of 2nd period - Sam Gagner wins face-off versus Adam Burish in Demolitions zone.
10:47 of 2nd period - Snap shot by James Neal.
10:47 of 2nd period - Shot Misses the Net.
11:09 of 2nd period - Jeremy Williams is hit by Todd Fedoruk and loses puck.
11:48 of 2nd period - Jakub Kindl is hit by James Sheppard and loses puck.
12:43 of 2nd period - Penalty to Dennis Seidenberg is over, Dennis Seidenberg is back on ice.
13:45 of 2nd period - Andy Rogers is hit by Tomas Kopecky and loses puck.
14:20 of 2nd period - Slapshot by Janne Niskala.
14:20 of 2nd period - Shot Blocked by Curtis Brown.
14:22 of 2nd period - Slapshot by Janne Niskala.
14:22 of 2nd period - Shot Blocked by Tomas Kopecky.
14:24 of 2nd period - Wrist shot by Vince Rocco.
14:24 of 2nd period - Stopped by Michal Neuvirth with a rebound.
14:44 of 2nd period - Karl Alzner is hit by Petr Vrana and loses puck.
15:08 of 2nd period - Wrist shot by Todd Fedoruk.
15:08 of 2nd period - Stopped by Antero Niittymaki without a rebound.
15:09 of 2nd period - Michael Peca wins face-off versus Vince Rocco in Demolitions zone.
15:12 of 2nd period - Snap shot by Michael Peca.
15:12 of 2nd period - Stopped by Antero Niittymaki with a rebound.
15:14 of 2nd period - Snap shot by Enver Lisin.
15:14 of 2nd period - Goal by Enver Lisin - Blackdemons : 4 - Demolitions : 2.
15:15 of 2nd period - Michael Peca wins face-off versus Adam Burish in neutral zone.
15:30 of 2nd period - Slapshot by Enver Lisin.
15:30 of 2nd period - Stopped by Antero Niittymaki with a rebound.
15:49 of 2nd period - Wrist shot by Adam Burish.
15:49 of 2nd period - Stopped by Michal Neuvirth without a rebound.
15:50 of 2nd period - Ryan Craig wins face-off versus Michael Peca in Blackdemons zone.
16:01 of 2nd period - Wrist shot by Ryan Craig.
16:01 of 2nd period - Stopped by Michal Neuvirth with a rebound.
16:27 of 2nd period - Snap shot by Brandon Bochenski.
16:27 of 2nd period - Deflect By Matt Moulson.
16:27 of 2nd period - Stopped by Michal Neuvirth without a rebound.
16:28 of 2nd period - Curtis Brown wins face-off versus Brad Richardson in Blackdemons zone.
16:43 of 2nd period - Slapshot by Dennis Seidenberg.
16:43 of 2nd period - Shot Misses the Net.
16:53 of 2nd period - Jeremy Williams is hit by Karl Alzner.
17:03 of 2nd period - Slapshot by Dennis Seidenberg.
17:03 of 2nd period - Stopped by Michal Neuvirth with a rebound.
17:16 of 2nd period - Minor Penalty to Matt Moulson for Roughing.
17:17 of 2nd period - Brad Richardson wins face-off versus Curtis Brown in Blackdemons zone.
18:03 of 2nd period - Icing by Ryan Craig.
18:04 of 2nd period - Ryan Craig wins face-off versus Sam Gagner in Demolitions zone.
18:13 of 2nd period - Snap shot by Petr Vrana.
18:13 of 2nd period - Stopped by Michal Neuvirth without a rebound.
18:14 of 2nd period - Curtis Brown wins face-off versus Brad Richardson in Blackdemons zone.
19:16 of 2nd period - Penalty to Matt Moulson is over, Matt Moulson is back on ice.
19:46 of 2nd period - Snap shot by Enver Lisin.
19:46 of 2nd period - Shot Misses the Net.
19:54 of 2nd period - Wrist shot by Robert Klinkhammer.
19:54 of 2nd period - Shot Misses the Net.
3rd period
0:01 of 3rd period - Sam Gagner wins face-off versus Brad Richardson in neutral zone.
0:31 of 3rd period - Michael Peca is hit by Jeremy Williams and loses puck.
1:10 of 3rd period - Anton Babchuk is hit by Frazer Mclaren and loses puck.
1:36 of 3rd period - Off-side.
1:37 of 3rd period - Stanislav Chistov wins face-off versus Brad Richardson in neutral zone.
1:49 of 3rd period - Snap shot by Adam Burish.
1:49 of 3rd period - Shot Misses the Net.
1:51 of 3rd period - Wrist shot by Adam Burish.
1:51 of 3rd period - Shot Misses the Net.
2:33 of 3rd period - Slapshot by Anthony Stewart.
2:33 of 3rd period - Goal by Anthony Stewart - Blackdemons : 4 - Demolitions : 3.
2:34 of 3rd period - Brad Richardson wins face-off versus Sam Gagner in neutral zone.
2:47 of 3rd period - Wrist shot by Brad Richardson.
2:47 of 3rd period - Stopped by Michal Neuvirth without a rebound.
2:48 of 3rd period - Brad Richardson wins face-off versus Michael Peca in Blackdemons zone.
2:53 of 3rd period - Snap shot by Marco Sturm.
2:53 of 3rd period - Stopped by Michal Neuvirth without a rebound.
2:54 of 3rd period - Brad Richardson wins face-off versus Michael Peca in Blackdemons zone.
3:31 of 3rd period - Slapshot by Dennis Seidenberg.
3:31 of 3rd period - Deflect By Anthony Stewart.
3:31 of 3rd period - Shot Blocked by Mathieu Biron.
3:31 of 3rd period - Puck is out of play.
3:32 of 3rd period - Sam Gagner wins face-off versus Brad Richardson in Blackdemons zone.
3:48 of 3rd period - Snap shot by Matt Moulson.
3:48 of 3rd period - Shot Misses the Net.
4:00 of 3rd period - Slapshot by Curtis Brown.
4:00 of 3rd period - Shot Misses the Net.
4:20 of 3rd period - Snap shot by Masi Marjamaki.
4:20 of 3rd period - Shot Misses the Net.
4:43 of 3rd period - Icing by Peter Harrold.
4:44 of 3rd period - Vince Rocco wins face-off versus James Neal in Blackdemons zone.
4:47 of 3rd period - Snap shot by Janne Niskala.
4:47 of 3rd period - Stopped by Michal Neuvirth with a rebound.
5:13 of 3rd period - Wrist shot by Michael Peca.
5:13 of 3rd period - Stopped by Antero Niittymaki with a rebound.
5:29 of 3rd period - Snap shot by Michael Peca.
5:29 of 3rd period - Stopped by Antero Niittymaki without a rebound.
5:30 of 3rd period - Brad Richardson wins face-off versus Sam Gagner in Demolitions zone.
6:07 of 3rd period - Off-side.
6:08 of 3rd period - Ryan Craig wins face-off versus Curtis Brown in neutral zone.
6:11 of 3rd period - Slapshot by Janne Niskala.
6:11 of 3rd period - Stopped by Michal Neuvirth without a rebound.
6:12 of 3rd period - Curtis Brown wins face-off versus Ryan Craig in Blackdemons zone.
6:23 of 3rd period - Snap shot by Todd Fedoruk.
6:23 of 3rd period - Stopped by Antero Niittymaki without a rebound.
6:24 of 3rd period - Brad Richardson wins face-off versus Sam Gagner in Demolitions zone.
7:04 of 3rd period - James Neal is hit by Dennis Seidenberg and loses puck.
7:26 of 3rd period - Minor Penalty to Vladimir Mihalik for Cross-checking.
7:27 of 3rd period - Adam Burish wins face-off versus Maxime Macenauer in Demolitions zone.
8:34 of 3rd period - Janne Niskala is hit by Todd Fedoruk and loses puck.
9:02 of 3rd period - Icing by Enver Lisin.
9:03 of 3rd period - Adam Burish wins face-off versus Sam Gagner in Blackdemons zone.
9:26 of 3rd period - Penalty to Vladimir Mihalik is over, Vladimir Mihalik is back on ice.
9:46 of 3rd period - Andy Rogers is hit by Maxime Macenauer and loses puck.
10:28 of 3rd period - Snap shot by Janne Niskala.
10:28 of 3rd period - Stopped by Michal Neuvirth with a rebound.
10:30 of 3rd period - Slapshot by Vince Rocco.
10:30 of 3rd period - Shot Blocked by Nathan Paetsch.
10:32 of 3rd period - Slapshot by Anssi Salmela.
10:32 of 3rd period - Stopped by Michal Neuvirth with a rebound.
10:34 of 3rd period - Wrist shot by Vince Rocco.
10:34 of 3rd period - Shot Misses the Net.
10:36 of 3rd period - Snap shot by Janne Niskala.
10:36 of 3rd period - Stopped by Michal Neuvirth without a rebound.
10:37 of 3rd period - Ryan Craig wins face-off versus Maxime Macenauer in Blackdemons zone.
10:44 of 3rd period - Wrist shot by Petr Vrana.
10:44 of 3rd period - Deflect By Ryan Craig.
10:44 of 3rd period - Stopped by Michal Neuvirth without a rebound.
10:45 of 3rd period - Ryan Craig wins face-off versus Maxime Macenauer in Blackdemons zone.
10:52 of 3rd period - Slapshot by Ryan Craig.
10:52 of 3rd period - Stopped by Michal Neuvirth with a rebound.
10:54 of 3rd period - Wrist shot by Jeremy Williams.
10:54 of 3rd period - Goal by Jeremy Williams - Blackdemons : 4 - Demolitions : 4.
10:55 of 3rd period - Brad Richardson wins face-off versus Sam Gagner in neutral zone.
11:04 of 3rd period - Slapshot by Adam Burish.
11:04 of 3rd period - Shot Misses the Net.
11:47 of 3rd period - Snap shot by Masi Marjamaki.
11:47 of 3rd period - Stopped by Michal Neuvirth without a rebound.
11:48 of 3rd period - Sam Gagner wins face-off versus Brad Richardson in Blackdemons zone.
11:53 of 3rd period - Slapshot by Stanislav Chistov.
11:53 of 3rd period - Shot Misses the Net.
12:13 of 3rd period - Ryan Craig is hit by Enver Lisin and loses puck.
12:39 of 3rd period - Slapshot by Anton Babchuk.
12:39 of 3rd period - Stopped by Michal Neuvirth with a rebound.
12:41 of 3rd period - Wrist shot by Masi Marjamaki.
12:41 of 3rd period - Shot Misses the Net.
12:43 of 3rd period - Wrist shot by James Sheppard.
12:43 of 3rd period - Shot Misses the Net.
13:43 of 3rd period - Wrist shot by Petr Vrana.
13:43 of 3rd period - Deflect By Ryan Craig.
13:43 of 3rd period - Stopped by Michal Neuvirth with a rebound.
14:18 of 3rd period - Off-side.
14:19 of 3rd period - James Sheppard wins face-off versus Sam Gagner in neutral zone.
14:26 of 3rd period - Nikita Nikitin is hit by Vladimir Mihalik and loses puck.
14:50 of 3rd period - Slapshot by James Neal.
14:50 of 3rd period - Stopped by Antero Niittymaki with a rebound.
14:52 of 3rd period - Slapshot by Michael Peca.
14:52 of 3rd period - Goal by Michael Peca - Blackdemons : 5 - Demolitions : 4.
14:53 of 3rd period - Adam Burish wins face-off versus Sam Gagner in neutral zone.
14:58 of 3rd period - Snap shot by Brad Richardson.
14:58 of 3rd period - Stopped by Michal Neuvirth with a rebound.
15:00 of 3rd period - Snap shot by Brad Richardson.
15:00 of 3rd period - Goal by Brad Richardson - Blackdemons : 5 - Demolitions : 5.
15:01 of 3rd period - Curtis Brown wins face-off versus Brad Richardson in neutral zone.
15:35 of 3rd period - Taylor Chorney is hit by Enver Lisin and loses puck.
15:48 of 3rd period - Wrist shot by Jeremy Williams.
15:48 of 3rd period - Shot Misses the Net.
16:00 of 3rd period - Slapshot by Enver Lisin.
16:00 of 3rd period - Shot Misses the Net.
16:02 of 3rd period - Wrist shot by Enver Lisin.
16:02 of 3rd period - Stopped by Antero Niittymaki with a rebound.
16:04 of 3rd period - Slapshot by Michael Peca.
16:04 of 3rd period - Shot Misses the Net.
16:06 of 3rd period - Snap shot by Enver Lisin.
16:06 of 3rd period - Stopped by Antero Niittymaki with a rebound.
16:08 of 3rd period - Slapshot by Nathan Paetsch.
16:08 of 3rd period - Stopped by Antero Niittymaki with a rebound.
16:10 of 3rd period - Slapshot by Karl Alzner.
16:10 of 3rd period - Deflect By Michael Peca.
16:10 of 3rd period - Shot Misses the Net.
16:10 of 3rd period - Puck is out of play.
16:11 of 3rd period - Brad Richardson wins face-off versus Curtis Brown in Demolitions zone.
16:49 of 3rd period - Icing by Janne Niskala.
16:50 of 3rd period - James Sheppard wins face-off versus Curtis Brown in Demolitions zone.
17:01 of 3rd period - Wrist shot by Todd Fedoruk.
17:01 of 3rd period - Stopped by Antero Niittymaki with a rebound.
17:03 of 3rd period - Slapshot by Nikita Nikitin.
17:03 of 3rd period - Shot Misses the Net.
17:05 of 3rd period - Snap shot by Todd Fedoruk.
17:05 of 3rd period - Stopped by Antero Niittymaki with a rebound.
18:36 of 3rd period - Slapshot by Masi Marjamaki.
18:36 of 3rd period - Shot Misses the Net.
19:46 of 3rd period - Icing by Adam Burish.
19:47 of 3rd period - Marco Sturm wins face-off versus Sam Gagner in Demolitions zone.
Overtime #1
0:01 of 1st overtime period - Curtis Brown wins face-off versus Jeremy Williams in neutral zone.
0:03 of 1st overtime period - Off-side.
0:04 of 1st overtime period - Curtis Brown wins face-off versus Adam Burish in neutral zone.
0:07 of 1st overtime period - Wrist shot by Curtis Brown.
0:07 of 1st overtime period - Stopped by Antero Niittymaki with a rebound.
0:12 of 1st overtime period - Off-side.
0:13 of 1st overtime period - Curtis Brown wins face-off versus Adam Burish in neutral zone.
0:23 of 1st overtime period - Icing by Adam Burish.
0:24 of 1st overtime period - Tomas Kopecky wins face-off versus Adam Burish in Demolitions zone.
0:27 of 1st overtime period - Snap shot by Tomas Kopecky.
0:27 of 1st overtime period - Goal by Tomas Kopecky - Blackdemons : 6 - Demolitions : 5.
Output by the SimonT Hockey Simulator (STHS) for François Prévost -- Original Page W3C XHTML 1.0 Valid